 Dungeon Crawl Stone Soup version 0.28-a0-1152-g9c71ebef14 (webtiles) character file.

Game seed: 15065718766139315836

161 ders the Digger (level 5, -11/28 HPs)
             Began as a Gargoyle Earth Elementalist on Dec 14, 2021.
             Killed from afar by Ijyb (13 damage)
             ... with a puff of flame
             ... on level 3 of the Dungeon.
             The game lasted 00:03:03 (3739 turns).

ders the Digger (Gargoyle Earth Elementalist)       Turns: 3739, Time: 00:03:04

Health: -11/28     AC:  6    Str: 11    XL:     5   Next: 42%
Magic:  0/9        EV: 11    Int: 18    God:
Gold:   167        SH:  0    Dex: 10    Spells: 6/10 levels left

rFire   . . .      SeeInvis .   l - +1 spear (vorpal)
rCold   . . .      Faith    .   (no shield)
rNeg    + . .      Spirit   .   b - +0 robe
rPois   ∞          Reflect  .   (no helmet)
rElec   +          Harm     .   (no cloak)
rCorr   .          Rampage  .   (no gloves)
Will    .....                   (no boots)
Stlth   ++........              (no amulet)
HPRegen 0.09/turn               (no ring)
MPRegen 0.11/turn               (no ring)

@: no status effects
A: sickness immunity, AC +4, negative energy resistance 1, electricity
resistance, torment resistance 1, petrification resistance
a: no special abilities


You were on level 3 of the Dungeon.
You visited 1 branch of the dungeon, and saw 3 of its levels.

You collected 167 gold pieces.

Inventory:

Hand Weapons
 l - a +1 vorpal spear (weapon)
Missiles
 k - 10 stones
Armour
 b - a +0 robe (worn)
Jewellery
 g - a ring of wizardry
Scrolls
 a - a scroll of identify {unknown}
 e - a scroll of teleportation {unknown}
 f - 2 scrolls of fog {unknown}
 i - a scroll of vulnerability {unknown}
Potions
 c - a potion of attraction {unknown}
 d - 4 potions of flight {unknown}
 h - a potion of curing {unknown}
 j - a potion of heal wounds {unknown}
 m - a potion of mutation {unknown}
 n - a potion of magic {unknown}


   Skills:
 - Level 1.5 Dodging
 - Level 2.1 Stealth
 + Level 3.2 Spellcasting
 + Level 2.9 Conjurations
 - Level 0.7 Transmutations
 + Level 5.0 Earth Magic


You had 6 spell levels left.
You knew the following spells:

 Your Spells              Type           Power      Damage    Failure   Level
a - Sandblast             Erth           42%        2d11      1%          1
b - Stone Arrow           Conj/Erth      34%        3d9       9%          3

Your spell library contained the following spells:

 Spells                   Type           Power      Damage    Failure   Level
 Passwall                 Tmut/Erth      10%        N/A       8%          2
 Corpse Rot               Necr/Air       4%         N/A       24%         2
 Petrify                  Tmut/Erth      13%        N/A       43%         4
 Dispel Undead            Necr           2%         3d7       85%         4
 Death Channel            Necr           1%         N/A       100%        6


Dungeon Overview and Level Annotations

Branches:
Dungeon (3/15)

Altars:
Fedhas
Ru
Yredelemnul

Annotations:
D:3 Ijyb


Innate Abilities, Weirdness & Mutations

You are immune to sickness and miasma.
Your stone body is resilient. (AC +4)
You are immune to poison.
You resist negative energy. (rN+)
You are resistant to electric shocks. (rElec)
You are resistant to unholy torment.
You are immune to petrification.


Message History

You miss Ijyb.
Ijyb is almost dead.
Ijyb zaps a wand.
The puff of flame hits you!
* * * LOW HITPOINT WARNING * * *
Your magical contamination has completely faded away.
You hit Ijyb but do no damage.
Ijyb is almost dead.
Ijyb hits you but does no damage.
Ijyb zaps a wand.
The puff of flame misses you.
Casting: Sandblast (safe; 1% risk of failure)
Confirm with . or Enter, or press ? or * to list all spells.
Aiming: Sandblast (safe; 1% risk of failure)
Press: ? - help, Shift-Dir - straight line, f/p - Ijyb
Aim: Ijyb, wielding a +2 dagger of venom, wearing a +2 leather armour of fire resistance and carrying a wand of flame (22) (almost dead, 76% to hit)
The blast of sand hits Ijyb but does no damage.
Ijyb is almost dead.
Ijyb screams, "It's all mine!"
Unknown command.
Ijyb zaps a wand.
The puff of flame hits you!
* * * LOW HITPOINT WARNING * * *
Casting: Sandblast (safe; 1% risk of failure)
Confirm with . or Enter, or press ? or * to list all spells.
Aiming: Sandblast (safe; 1% risk of failure)
Press: ? - help, Shift-Dir - straight line, f/p - Ijyb
Aim: Ijyb, wielding a +2 dagger of venom, wearing a +2 leather armour of fire resistance and carrying a wand of flame (21) (almost dead, 76% to hit)
The blast of sand misses Ijyb.
Unknown command.
You hit Ijyb but do no damage.
Ijyb is almost dead.
Ijyb zaps a wand.
The puff of flame misses you.
You hit Ijyb but do no damage.
Ijyb is almost dead.
Ijyb hits you but does no damage.
You hit Ijyb but do no damage.
Ijyb is almost dead.
Ijyb zaps a wand.
The puff of flame misses you.
You closely miss Ijyb.
Ijyb is almost dead.
Ijyb hits you but does no damage.
Ijyb zaps a wand.
The puff of flame hits you!
You die...

#..# #..#.###
...# #..#.#
##.# #..#.##
#....##
####.###.######
#....# #......#
#.##.###.####.#
## #.###...##
.# #@# ##.## .#
#g####.# .#
#...g..# ##
#.###### #.# ##
#.# .# #.# .#
..# .# #.#


You could see Ijyb.

Vanquished Creatures
  A bullfrog skeleton (D:3)
  4 adders
  3 gnolls (D:3)
  A worm (D:3)
  2 dart slugs
  7 bats
  6 endoplasms
  4 giant cockroaches (D:1)
  7 goblins
  2 hobgoblins
  2 jackals (D:2)
  4 quokkas
  5 ball pythons
  9 frilled lizards
  3 kobolds
  3 rats
63 creatures vanquished.

Notes
Turn   | Place    | Note
-------+----------+-------------------------------------------
     0 | D:1      | ders the Gargoyle Earth Elementalist began the quest for
                  | the Orb.
     0 | D:1      | Reached XP level 1. HP: 10/10 MP: 3/3
   231 | D:1      | Reached XP level 2. HP: 15/15 MP: 1/5
   361 | D:1      | Reached skill level 1 in Conjurations
   675 | D:1      | Reached skill level 4 in Earth Magic
   739 | D:1      | Reached XP level 3. HP: 14/19 MP: 0/6
  1697 | D:2      | Learned a level 3 spell: Stone Arrow
  1710 | D:2      | Reached XP level 4. HP: 24/24 MP: 1/8
  2484 | D:2      | Found a faded altar of an unknown god.
  2863 | D:3      | Found a sacrificial altar of Ru.
  3069 | D:3      | Reached XP level 5. HP: 28/28 MP: 5/9
  3150 | D:3      | Reached skill level 5 in Earth Magic
  3205 | D:3      | Found a blossoming altar of Fedhas.
  3206 | D:3      | Found a basalt altar of Yredelemnul.
  3705 | D:3      | Noticed Ijyb
  3731 | D:3      | HP: 1/28 [Ijyb/puff of flame (7)]
  3739 | D:3      | Killed from afar by Ijyb

Illustrated notes

Levels and vault maps discovered:
D:1:      dpeg_arrival_rooms_with_view, layout_loops_corners,
          minmay_small_reverse_x
D:2:      layout_basic, hellmonk_ecumenical_altar_crossroads
D:3:      layout_loops_ring, kennysheep_vampire_church, nicolae_ru_awakened_eye,
          grunt_temple_overflow_open, uniq_ijyb

Skill      XL: |  1  2  3  4  5 |
---------------+----------------+-----
Conjurations   | 1 2 |  2.9
Earth Magic    | 4 5 |  5.0
Spellcasting   | 3 |  3.2
Dodging        | |  1.5
Stealth        | |  2.1
Transmutations | |  0.7

Action                   |  1- 3 |  4- 6 || total
-------------------------+-------+-------++-------
Melee: Unarmed           |     7 |       ||     7
       Spear             |     8 |    13 ||    21
 Cast: Sandblast         |    49 |    21 ||    70
       Stone Arrow       |       |    22 ||    22
 Stab: Sleeping          |     2 |       ||     2
Armor: Robe              |    13 |     9 ||    22
Dodge: Dodged            |     6 |    10 ||    16

Table legend: (Time is in decaauts)
 A = Elapsed time spent in this place.
 B = Non-inter-level travel time spent in this place.
 C = Inter-level travel time spent in this place.
 D = Time resting spent in this place.
 E = Time spent auto-exploring this place.
 F = Levels seen in this place.
 G = Mean time per level.
                   A        B        C        D        E       F      G
               +--------+--------+--------+--------+--------+-----+--------+
         Total |   3739 |   3691 |     48 |      0 |   3330 |   3 | 1246.3 |
       Dungeon |   3739 |   3691 |     48 |      0 |   3330 |   3 | 1246.3 |
               +--------+--------+--------+--------+--------+-----+--------+

Top non-repeatable levels by time:
     D:2: 1502 daAuts
     D:1: 1340 daAuts
     D:3: 896 daAuts
